 Dungeon Crawl Stone Soup version 0.21-a0-538-gd16b88a (webtiles) character file.

2062 tidbits the Magician (level 9, -9/97 HPs)
             Began as a Gnoll Earth Elementalist on Dec 15, 2017.
             Mangled by a hornet (13 damage)
             ... on level 7 of the Dungeon.
             The game lasted 00:19:39 (2129 turns).

tidbits the Magician (Gnoll Earth Elementalist)     Turns: 2129, Time: 00:19:40

Health: -9/97      AC:  5    Str: 15    XL:     9   Next: 25%
Magic:  3/18       EV: 16    Int: 20    God:
Gold:   224        SH:  0    Dex: 17    Spells: 8/20 levels left

rFire    + + .     SeeInvis .   a - +0 rapier (holy)
rCold    . . .     Gourm    .   (no shield)
rNeg     . . .     Faith    .   B - +2 leather armour {rF+}
rPois    .         Spirit   .   (no helmet)
rElec    .         Reflect  .   (no cloak)
rCorr    .         Harm     .   (no gloves)
MR       .....                  (no boots)
Stlth    ..........             G - amulet of inaccuracy (curse)
HPRegen  0.26/turn              x - ring of protection from fire
MPRegen  0.16/turn              (no ring)

@: berserking, lethally poisoned (-9 -> -36), very quick
A: distributed training, fangs 1, strong nose
a: no special abilities


You were on level 7 of the Dungeon.
You were not hungry.

You visited 1 branch of the dungeon, and saw 8 of its levels.
You also visited: Sewer.

You collected 224 gold pieces.

Inventory:

Hand Weapons
 a - a +0 rapier of holy wrath (weapon)
   (You took it off Eustachio on level 4 of the Dungeon)
 h - a +0 dagger
 i - a +0 hunting sling
 n - a +0 short sword
 y - a +1 whip of flaming
   (You took it off Pikel on level 5 of the Dungeon)
 K - a +0 blowgun
Missiles
 b - 13 stones (quivered)
 r - 61 arrows
 A - 21 poisoned needles
 L - 25 sling bullets
Armour
 c - a +0 robe
 t - a +0 ring mail
 B - a +2 leather armour of fire resistance (worn)
   (You took it off Eustachio on level 4 of the Dungeon)
Magical Staves
 u - an uncursed staff of power {unknown}
   (You found it on level 3 of the Dungeon)
Jewellery
 x - a ring of protection from fire (left hand)
   (You found it on level 4 of the Dungeon)
 G - a cursed amulet of inaccuracy (around neck)
   (You found it on level 5 of the Dungeon)
Wands
 J - a wand of random effects (32)
 O - a wand of flame (28)
Scrolls
 g - a scroll of immolation {unknown}
 m - 2 scrolls of remove curse {unknown}
 q - 4 scrolls of teleportation {unknown}
 v - 2 scrolls of amnesia {unknown}
 C - 3 scrolls of magic mapping {unknown}
 D - a scroll of fog
 M - a scroll of enchant armour {unknown}
Potions
 f - a potion of cancellation {unknown}
 k - a potion of degeneration {unknown}
 o - 4 potions of might
 p - a potion of agility
 s - 2 potions of lignification
 E - 3 potions of magic
 F - 3 potions of curing
 H - a potion of haste
 I - a potion of flight
Books
 e - a book of Geomancy

   Spells                             Type                      Level
   a - Sandblast                      Earth                        1
   b - Passwall                       Transmutation/Earth          2
   c - Stone Arrow                    Conjuration/Earth            3
   d - Petrify                        Transmutation/Earth          4
   e - Lee's Rapid Deconstruction     Earth                        5
 N - a book of Conjurations
   (You found it on level 7 of the Dungeon)

   Spells                             Type                      Level
   a - Magic Dart                     Conjuration                  1
   b - Searing Ray                    Conjuration                  2
   c - Dazzling Spray                 Conjuration/Hexes            3
   d - Fulminant Prism                Conjuration/Hexes            4
   e - Force Lance                    Conjuration/Translocation    4
   f - Iskenderun's Mystic Blast      Conjuration                  4
 P - a book of Changes
   (You found it on level 7 of the Dungeon)

   Spells                             Type                      Level
   a - Beastly Appendage              Transmutation                1
   b - Sticks to Snakes               Transmutation                2
   c - Spider Form                    Transmutation/Poison         3
   d - Ice Form                       Ice/Transmutation            4
   e - Blade Hands                    Transmutation                5
Comestibles
 d - 6 bread rations
 j - a royal jelly
 l - 3 meat rations
 w - 3 fruits


   Skills:
 + Level 4.0 Fighting
 + Level 4.0 Short Blades
 + Level 4.0 Long Blades
 + Level 4.0 Axes
 + Level 4.0 Maces & Flails
 + Level 4.0 Polearms
 + Level 4.0 Staves
 + Level 4.0 Slings
 + Level 4.0 Bows
 + Level 4.0 Crossbows
 + Level 4.0 Throwing
 + Level 4.0 Armour
 + Level 6.1 Dodging
 + Level 5.8 Stealth
 + Level 4.0 Shields
 + Level 4.0 Unarmed Combat
 + Level 6.4 Spellcasting
 + Level 3.2 Conjurations
 + Level 3.2 Hexes
 + Level 3.2 Charms
 + Level 3.2 Summonings
 + Level 3.2 Necromancy
 + Level 3.2 Translocations
 + Level 4.0 Transmutations
 + Level 3.2 Fire Magic
 + Level 3.2 Ice Magic
 + Level 3.2 Air Magic
 + Level 6.4 Earth Magic
 + Level 3.2 Poison Magic
 + Level 4.4 Invocations
 + Level 4.0 Evocations


You had 8 spell levels left.
You knew the following spells:

 Your Spells              Type           Power        Failure   Level  Hunger
a - Sandblast             Erth           ####..       1%          1    None
k - Sticks to Snakes      Tmut           ###.....     3%          2    None
p - Petrify               Tmut/Erth      ####....     14%         4    ####...
s - Stone Arrow           Conj/Erth      ####..       4%          3    ##.....
w - Passwall              Tmut/Erth      ####......   2%          2    None


Dungeon Overview and Level Annotations

Branches:
Dungeon (8/15)
 Temple: D:4-7         Lair: D:8-11

Altars:
Dithmenos
Hepliaklqana

Annotations:
D:4 Natasha


Innate Abilities, Weirdness & Mutations

Your experience applies equally to all skills.
You have very sharp teeth.
Your uncanny sense of smell can sniff out nearby items.


Message History

Orders for allies: a - Attack new target. p - Attack previous target. r - Retreat! s - Stop attacking. g - Guard the area. f - Follow me.
Anything else - Cancel.
Gang up on whom?
Press: ? - help, Dir - move target cursor, f/p - hornet
Aim: a hornet Attack!
The killer bee completely misses your adder.
Your adder bites the hornet but does no damage.
The killer bee stings your adder. The hornet stings your ball python.
Your ball python dies!
Your adder misses the killer bee.
Casting: Sticks to Snakes
Confirm with . or Enter, or press ? or * to list all spells.
Aiming: Sandblast
Press: ? - help, Shift-Dir - straight line, f/p - hornet
Aim: a hornet The blast of sand misses the hornet.
b - 15 stones You feel sick.
The killer bee stings your adder but does no damage.
Your adder misses the killer bee.
Your magical contamination has completely faded away.
A killer bee comes into view.
Casting: Sandblast
Confirm with . or Enter, or press ? or * to list all spells.
Aiming: Sandblast
Press: ? - help, Shift-Dir - straight line, f - killer bee, p - hornet
Aim: a killer bee The blast of sand hits the hornet.
The hornet is moderately wounded.
b - 14 stones The hornet stings you!
You feel yourself slow down.
A killer bee comes into view.
Casting: Sandblast
Confirm with . or Enter, or press ? or * to list all spells.
Aiming: Sandblast
Press: ? - help, Shift-Dir - straight line, f/p - killer bee
Aim: a killer bee The blast of sand hits the hornet.
The hornet is heavily wounded.
b - 13 stones You feel yourself speed up.
The killer bee barely misses your adder.
The killer bee barely misses you. The hornet stings you!
* * * LOW HITPOINT WARNING * * *
You feel yourself slow down. The killer bee misses you. The hornet misses you.
Your adder barely misses the killer bee.
Okay, then.
Unknown command.
Okay, then.
Unknown command.
A red film seems to cover your vision as you go berserk!
You feel yourself moving faster!
You feel mighty!
You feel sick. The killer bee barely misses you.
The hornet completely misses you. The killer bee stings you.
* * * LOW HITPOINT WARNING * * *
Your adder barely misses the killer bee.
The hornet barely misses you. The killer bee stings you.
* * * LOW HITPOINT WARNING * * *
You miss the hornet.
The hornet is heavily wounded.
You feel yourself speed up. The killer bee barely misses you.
The hornet stings you!
* * * LOW HITPOINT WARNING * * *
You feel yourself slow down. The killer bee closely misses you.
Your adder closely misses the killer bee.
The killer bee misses you. The killer bee stings you.
* * * LOW HITPOINT WARNING * * *
The hornet stings you but does no damage.
The killer bee stings you but does no damage.
Your adder barely misses the killer bee.
The killer bee stings you.
* * * LOW HITPOINT WARNING * * *
You are more poisoned.
The killer bee poisons you!
You puncture the hornet!
The hornet is severely wounded.
You feel yourself speed up.
You feel sick. The killer bee misses you. The killer bee stings you!
* * * LOW HITPOINT WARNING * * *
You are more poisoned.
The killer bee poisons you! The killer bee barely misses you.
The hornet stings you.
* * * LOW HITPOINT WARNING * * *
You are more poisoned.
You suddenly lose the ability to move!
The killer bee stings you but does no damage.
Your adder barely misses the killer bee.
The killer bee barely misses you. The killer bee stings you.
* * * LOW HITPOINT WARNING * * *
You are more poisoned.
The killer bee poisons you!
You can move again.
You hit the hornet.
The hornet is severely wounded.
* * * LOW HITPOINT WARNING * * *
You feel sick. The killer bee barely misses you. The hornet stings you!
You die...

#..# ## #.# ### #..##.
#.####.## #.... #..##...##
#.... ##..#.....## ###...
##..))..##..##
#.....###....)#####....
###.........# #..####..#
.#...†..Sy...# #..# ..#
..........y@...####.# ..#
..........yy....##..# ..#
#.......##..###.....#####...
##....####.## ##......##..#
##..# #.# ##.#......# #..
..# #..#####..# ## #..#
##..# #..# ...# #..## #..#
##... #...### #..#


You could see a hornet, 3 killer bees and a friendly adder.

Vanquished Creatures
  Pikel (D:5)
  A hippogriff (D:7)
  Eustachio (D:4)
  An ice beast (D:6)
  2 ogres
  3 phantoms
  A big kobold (D:7)
  A bullfrog (D:6)
  A wyvern zombie (D:7)
  3 killer bees (D:7)
  A howler monkey (D:6)
  A jelly (D:3)
  2 hounds (D:7)
  A bullfrog skeleton (D:7)
  An orc wizard (D:6)
  A centaur skeleton (D:6)
  4 worker ants
  4 gnolls (D:7)
  4 adders
  A shadow imp (D:6)
  2 adder skeletons
  3 worms (D:6)
  A leopard gecko (D:6)
  3 orcs (D:6)
  5 ball pythons
  3 giant cockroaches (D:1)
  8 goblins
  14 jackals
  A quokka (D:2)
  4 bats
  3 frilled lizards (Sewer)
  13 kobolds
  A rat (D:1)
  4 plants (Sewer)
100 creatures vanquished.

Vanquished Creatures (collateral kills)
  3 gnolls (D:7)
3 creatures vanquished.

Vanquished Creatures (others)
  A crimson imp (D:5)
1 creature vanquished.

Grand Total: 104 creatures vanquished

Notes
Turn   | Place    | Note
-------+----------+-------------------------------------------
     0 | D:1      | tidbits the Gnoll Earth Elementalist began the quest for the Orb.
     0 | D:1      | Reached XP level 1. HP: 13/13 MP: 6/6
   120 | D:1      | Reached skill level 2 in Transmutations
   190 | D:1      | Reached XP level 2. HP: 19/19 MP: 4/7
   294 | D:2      | Reached skill level 5 in Spellcasting
   294 | D:2      | Reached XP level 3. HP: 10/25 MP: 3/9
   358 | D:2      | Learned a level 2 spell: Passwall
   388 | D:3      | Reached skill level 1 in Fighting
   388 | D:3      | Reached skill level 1 in Short Blades
   388 | D:3      | Reached skill level 1 in Long Blades
   388 | D:3      | Reached skill level 1 in Axes
   388 | D:3      | Reached skill level 1 in Maces & Flails
   388 | D:3      | Reached skill level 1 in Polearms
   388 | D:3      | Reached skill level 1 in Staves
   388 | D:3      | Reached skill level 1 in Slings
   388 | D:3      | Reached skill level 1 in Bows
   388 | D:3      | Reached skill level 1 in Crossbows
   388 | D:3      | Reached skill level 1 in Throwing
   388 | D:3      | Reached skill level 1 in Armour
   388 | D:3      | Reached skill level 1 in Shields
   388 | D:3      | Reached skill level 1 in Unarmed Combat
   388 | D:3      | Reached skill level 1 in Invocations
   388 | D:3      | Reached skill level 1 in Evocations
   388 | D:3      | Reached XP level 4. HP: 22/32 MP: 7/11
   471 | D:4      | Noticed Eustachio
   487 | D:4      | Killed Eustachio
   487 | D:4      | Reached skill level 1 in Conjurations
   487 | D:4      | Reached skill level 1 in Hexes
   487 | D:4      | Reached skill level 1 in Charms
   487 | D:4      | Reached skill level 1 in Summonings
   487 | D:4      | Reached skill level 1 in Necromancy
   487 | D:4      | Reached skill level 1 in Translocations
   487 | D:4      | Reached skill level 1 in Fire Magic
   487 | D:4      | Reached skill level 1 in Ice Magic
   487 | D:4      | Reached skill level 1 in Air Magic
   487 | D:4      | Reached skill level 1 in Poison Magic
   487 | D:4      | Reached XP level 5. HP: 9/37 MP: 0/12
   505 | D:4      | Reached skill level 2 in Invocations
   505 | D:4      | Reached XP level 6. HP: 14/44 MP: 2/13
   540 | D:4      | Noticed Natasha
   548 | D:5      | Entered Level 5 of the Dungeon
   548 | D:5      | Noticed a slave
   563 | D:5      | Found a shadowy altar of Dithmenos.
   590 | D:5      | Noticed Pikel
   604 | D:5      | Noticed a slave
   606 | D:5      | Killed Pikel
   606 | D:5      | Reached skill level 2 in Fighting
   606 | D:5      | Reached skill level 2 in Short Blades
   606 | D:5      | Reached skill level 2 in Long Blades
   606 | D:5      | Reached skill level 2 in Axes
   606 | D:5      | Reached skill level 2 in Maces & Flails
   606 | D:5      | Reached skill level 2 in Polearms
   606 | D:5      | Reached skill level 2 in Staves
   606 | D:5      | Reached skill level 2 in Slings
   606 | D:5      | Reached skill level 2 in Bows
   606 | D:5      | Reached skill level 2 in Crossbows
   606 | D:5      | Reached skill level 2 in Throwing
   606 | D:5      | Reached skill level 2 in Armour
   606 | D:5      | Reached skill level 5 in Dodging
   606 | D:5      | Reached skill level 2 in Shields
   606 | D:5      | Reached skill level 2 in Unarmed Combat
   606 | D:5      | Reached skill level 2 in Conjurations
   606 | D:5      | Reached skill level 2 in Hexes
   606 | D:5      | Reached skill level 2 in Charms
   606 | D:5      | Reached skill level 2 in Summonings
   606 | D:5      | Reached skill level 2 in Necromancy
   606 | D:5      | Reached skill level 2 in Translocations
   606 | D:5      | Reached skill level 3 in Transmutations
   606 | D:5      | Reached skill level 2 in Fire Magic
   606 | D:5      | Reached skill level 2 in Ice Magic
   606 | D:5      | Reached skill level 2 in Air Magic
   606 | D:5      | Reached skill level 2 in Poison Magic
   606 | D:5      | Reached skill level 2 in Evocations
   606 | D:5      | Reached XP level 7. HP: 17/51 MP: 4/15
   672 | D:6      | Found a glowing drain.
   681 | D:6      | Reached skill level 5 in Stealth
   723 | D:6      | Reached skill level 3 in Invocations
   737 | Sewer    | Entered a sewer
   978 | Sewer    | Reached XP level 8. HP: 57/57 MP: 9/16
  1178 | D:6      | Reached skill level 6 in Earth Magic
  1181 | D:6      | Reached skill level 3 in Fighting
  1181 | D:6      | Reached skill level 3 in Short Blades
  1181 | D:6      | Reached skill level 3 in Long Blades
  1181 | D:6      | Reached skill level 3 in Axes
  1181 | D:6      | Reached skill level 3 in Maces & Flails
  1181 | D:6      | Reached skill level 3 in Polearms
  1181 | D:6      | Reached skill level 3 in Staves
  1181 | D:6      | Reached skill level 3 in Slings
  1181 | D:6      | Reached skill level 3 in Bows
  1181 | D:6      | Reached skill level 3 in Crossbows
  1181 | D:6      | Reached skill level 3 in Throwing
  1181 | D:6      | Reached skill level 3 in Armour
  1181 | D:6      | Reached skill level 3 in Shields
  1181 | D:6      | Reached skill level 3 in Unarmed Combat
  1181 | D:6      | Reached skill level 3 in Evocations
  1494 | D:6      | Found a hazy altar of Hepliaklqana.
  1494 | D:6      | Reached skill level 6 in Spellcasting
  1666 | D:7      | Noticed a hippogriff
  1672 | D:7      | Killed a hippogriff
  1672 | D:7      | Reached skill level 3 in Conjurations
  1672 | D:7      | Reached skill level 3 in Hexes
  1672 | D:7      | Reached skill level 3 in Charms
  1672 | D:7      | Reached skill level 3 in Summonings
  1672 | D:7      | Reached skill level 3 in Necromancy
  1672 | D:7      | Reached skill level 3 in Translocations
  1672 | D:7      | Reached skill level 3 in Fire Magic
  1672 | D:7      | Reached skill level 3 in Ice Magic
  1672 | D:7      | Reached skill level 3 in Air Magic
  1672 | D:7      | Reached skill level 3 in Poison Magic
  1672 | D:7      | Reached skill level 4 in Invocations
  1709 | D:7      | Reached XP level 9. HP: 39/65 MP: 9/18
  1739 | D:7      | Reached skill level 6 in Dodging
  1895 | D:7      | Learned a level 3 spell: Stone Arrow
  1936 | D:7      | Noticed a hornet
  2058 | D:7      | Learned a level 2 spell: Sticks to Snakes
  2063 | D:7      | Learned a level 4 spell: Petrify
  2110 | D:7      | Reached skill level 4 in Fighting
  2110 | D:7      | Reached skill level 4 in Short Blades
  2110 | D:7      | Reached skill level 4 in Long Blades
  2110 | D:7      | Reached skill level 4 in Axes
  2110 | D:7      | Reached skill level 4 in Maces & Flails
  2110 | D:7      | Reached skill level 4 in Polearms
  2110 | D:7      | Reached skill level 4 in Staves
  2110 | D:7      | Reached skill level 4 in Slings
  2110 | D:7      | Reached skill level 4 in Bows
  2110 | D:7      | Reached skill level 4 in Crossbows
  2110 | D:7      | Reached skill level 4 in Throwing
  2110 | D:7      | Reached skill level 4 in Armour
  2110 | D:7      | Reached skill level 4 in Shields
  2110 | D:7      | Reached skill level 4 in Unarmed Combat
  2110 | D:7      | Reached skill level 4 in Transmutations
  2110 | D:7      | Reached skill level 4 in Evocations
  2128 | D:7      | HP: 7/97 [hornet (4)]
  2128 | D:7      | Paralysed by a hornet for 1 turns
  2129 | D:7      | Mangled by a hornet

Vault maps used:
D:1:      dpeg_arrival_circle_labyrinth_a, corexii_leaking_fountain
D:2:      palyth_stone_intersect
D:3:      first_bread
D:4:      grunt_temple_overflow_champion_of_chaos, lemuel_temple_firewalk_a,
          serial_co_window_serial, co_window_of_opportunity_a,
          co_window_paths_a, co_window_cross_1, co_window_paths_b,
          co_window_paths_b, co_window_unsneaky_path_c, co_window_paths_c,
          co_window_of_opportunity_b, co_window_2corner,
          co_window_of_opportunity_b, co_window_2corner, co_window_paths_c,
          glass_columns_b, uniq_natasha, uniq_blork_the_orc, uniq_eustachio
D:5:      grunt_temple_overflow_holy_war, nicolae_overflow_crystal_walls,
          uniq_crazy_yiuf_cottage, uniq_pikel
D:6:      lemuel_coloured_pillars_altar, cheibrodos_sewer_entry_sluice
D:8:      lemuel_round_altar, lair_entry_dummy, uniq_erica, uniq_maurice
Sewer:    sewer_co_scattered_pipes

Skill      XL: |  1  2  3  4  5  6  7  8  9 |
---------------+----------------------------+-----
Transmutations | 2 3 4 |  4.0
Spellcasting   | 5 6 |  6.4
Fighting       | 1 2 3 4 |  4.0
Short Blades   | 1 2 3 4 |  4.0
Long Blades    | 1 2 3 4 |  4.0
Axes           | 1 2 3 4 |  4.0
Maces & Flails | 1 2 3 4 |  4.0
Polearms       | 1 2 3 4 |  4.0
Staves         | 1 2 3 4 |  4.0
Slings         | 1 2 3 4 |  4.0
Bows           | 1 2 3 4 |  4.0
Crossbows      | 1 2 3 4 |  4.0
Throwing       | 1 2 3 4 |  4.0
Armour         | 1 2 3 4 |  4.0
Shields        | 1 2 3 4 |  4.0
Unarmed Combat | 1 2 3 4 |  4.0
Invocations    | 1 2 3 4 |  4.4
Evocations     | 1 2 3 4 |  4.0
Conjurations   | 1 2 3 |  3.2
Hexes          | 1 2 3 |  3.2
Charms         | 1 2 3 |  3.2
Summonings     | 1 2 3 |  3.2
Necromancy     | 1 2 3 |  3.2
Translocations | 1 2 3 |  3.2
Fire Magic     | 1 2 3 |  3.2
Ice Magic      | 1 2 3 |  3.2
Air Magic      | 1 2 3 |  3.2
Poison Magic   | 1 2 3 |  3.2
Dodging        | 5 6 |  6.1
Stealth        | 5 |  5.8
Earth Magic    | 6 |  6.4

Action                   |  1- 3 |  4- 6 |  7- 9 || total
-------------------------+-------+-------+-------++-------
Melee: Dagger            |    10 |     2 |       ||    12
       Bite              |     1 |       |    30 ||    31
       Whip              |       |       |    78 ||    78
       Rapier            |       |       |    88 ||    88
       Punch             |       |       |     3 ||     3
 Cast: Sandblast         |    23 |    25 |   134 ||   182
       Passwall          |     1 |     1 |    19 ||    21
       Sticks to Snakes  |       |       |     6 ||     6
Evoke: Wand              |       |       |     5 ||     5
  Use: Potion            |       |     2 |     2 ||     4
       Scroll            |       |       |     7 ||     7
  Eat: Fruit             |       |       |     4 ||     4
       Chunk             |       |       |     1 ||     1
Armor: Robe              |     2 |     1 |       ||     3
       Leather armour    |       |     1 |    23 ||    24
Dodge: Dodged            |    21 |     6 |   116 ||   143

Table legend:
 A = Spawn XP
 B = Non-spawn XP
 C = Spawn XP percentage of total XP
 D = Spawn monster count
 E = Non-spawn monster count
 F = Spawn count percentage of total count
 G = Total turns spent on level
                    A         B        C        D         E        F      G
               +---------+---------+-------+---------+---------+-------+---------
         Total |       0 |    2947 |   0.0 |       0 |      99 |   0.0 |  2129
               +---------+---------+-------+---------+---------+-------+---------
           D:1 |       0 |      26 |   0.0 |       0 |      16 |   0.0 |   291
           D:2 |       0 |      19 |   0.0 |       0 |       4 |   0.0 |   113
           D:3 |       0 |      50 |   0.0 |       0 |       4 |   0.0 |    64
           D:4 |       0 |     244 |   0.0 |       0 |       2 |   0.0 |   200
           D:5 |       0 |     752 |   0.0 |       0 |       4 |   0.0 |   224
           D:6 |       0 |     749 |   0.0 |       0 |      17 |   0.0 |   396
           D:7 |       0 |    1034 |   0.0 |       0 |      29 |   0.0 |   402
         Sewer |       0 |      73 |   0.0 |       0 |      23 |   0.0 |   428
               +---------+---------+-------+---------+---------+-------+---------

Table legend:
 A = Turns spent in this place as a percentage of turns spent in the entire game.
 B = Non-inter-level travel turns spent in this place as a percentage of non-inter-level travel turns spent in the entire game.
 C = Inter-level travel turns spent in this place as a percentage of turns spent in this place.
 D = Turns resting spent in this place as a percentage of non-inter-level travel turns spent in this place.
 E = Turns spent auto-exploring this place as a percentage of non-inter-level travel turns spent in this place.
 F = Non-inter-level travel turns spent in this place divided by the number of levels of this place that you've seen.
                   A       B       C       D       E      F
               +-------+-------+-------+-------+-------+----------------------
         Total | 100.0 | 100.0 |   0.9 |   0.0 |   0.0 | 234.4
       Dungeon |  79.9 |  79.7 |   1.1 |   0.0 |   0.0 | 210.2
         Sewer |  20.1 |  20.3 |   0.0 |   0.0 |   0.0 | 428.0
               +-------+-------+-------+-------+-------+----------------------

Table legend:
 A = Kills in this place as a percentage of kills in entire the game.
 B = Kills by you in this place as a percentage of kills by you in the entire game.
 C = Kills by friends in this place as a percentage of kills by friends in the entire game.
 D = Other kills in this place as a percentage of other kills in the entire game.
 E = Experience gained in this place as a percentage of experience gained in the entire game.
 F = Experience gained in this place divided by the number of levels of this place that you have seen.
                   A       B       C       D       E      F
               +-------+-------+-------+-------+-------+----------------------
         Total | 100.0 | 100.0 | 100.0 |   N/A | 100.0 | 327.4
       Dungeon |  76.8 |  76.0 | 100.0 |   N/A |  97.5 | 359.2
         Sewer |  23.2 |  24.0 |   0.0 |   N/A |   2.5 |  73.0
               +-------+-------+-------+-------+-------+----------------------

Vault maps used:
D:1:      dpeg_arrival_circle_labyrinth_a, corexii_leaking_fountain
D:2:      palyth_stone_intersect
D:3:      first_bread
D:4:      grunt_temple_overflow_champion_of_chaos, lemuel_temple_firewalk_a,
          serial_co_window_serial, co_window_of_opportunity_a,
          co_window_paths_a, co_window_cross_1, co_window_paths_b,
          co_window_paths_b, co_window_unsneaky_path_c, co_window_paths_c,
          co_window_of_opportunity_b, co_window_2corner,
          co_window_of_opportunity_b, co_window_2corner, co_window_paths_c,
          glass_columns_b, uniq_natasha, uniq_blork_the_orc, uniq_eustachio
D:5:      grunt_temple_overflow_holy_war, nicolae_overflow_crystal_walls,
          uniq_crazy_yiuf_cottage, uniq_pikel
D:6:      lemuel_coloured_pillars_altar, cheibrodos_sewer_entry_sluice
D:8:      lemuel_round_altar, lair_entry_dummy, uniq_erica, uniq_maurice
Sewer:    sewer_co_scattered_pipes
